 Dungeon Crawl Stone Soup version 0.27.0-1-g7a089689b8 (webtiles) character file.

Game seed: 800633739561454694

92 thirtiethelement the Skirmisher (level 4, 0/37 HPs)
             Began as a Demonspawn Abyssal Knight on Aug 10, 2021.
             Was a Priest of Lugonu.
             Succumbed to a goblin's poison
             ... on level 3 of the Dungeon.
             The game lasted 00:05:41 (2883 turns).

thirtiethelement the Skirmisher (DsAK)              Turns: 2883, Time: 00:05:42

Health: 0/37       AC:  4    Str: 13    XL:     4   Next: 35%
Magic:  5/5        EV: 11    Int: 15    God:    Lugonu [***...]
Gold:   170        SH:  0    Dex: 13    Spells: 0/3 levels left

rFire    . . .     SeeInvis .   a - +1 falchion
rCold    . . .     Faith    .   (no shield)
rNeg     . . .     Spirit   .   b - +0 leather armour
rPois    .         Reflect  .   (no helmet)
rElec    .         Harm     .   c - +0 cloak
rCorr    .         Rampage  .   (no gloves)
Will     .....                  (no boots)
Stlth    +.........             (no amulet)
HPRegen  0.12/turn              (no ring)
MPRegen  0.09/turn              (no ring)

@: mighty, lethally poisoned (0 -> -11)
A: hooves 1, big brain 1
a: Renounce Religion, Depart the Abyss, Bend Space, Banish


You were on level 3 of the Dungeon.
You worshipped Lugonu.
Lugonu was most pleased with you.
You visited 1 branch of the dungeon, and saw 3 of its levels.
You visited the Abyss 1 time.

You collected 170 gold pieces.

Inventory:

Hand Weapons
 a - a +1 falchion (weapon)
Missiles
 e - a throwing net
 j - 8 boomerangs (quivered)
Armour
 b - a +0 leather armour (worn)
 c - a +0 cloak (worn)
Scrolls
 k - a scroll of fog {unknown}
 m - a scroll of enchant armour {unknown}
 n - a scroll of identify {unknown}
 o - a scroll of torment {unknown}
 q - a scroll of immolation {unknown}
Potions
 f - a potion of cancellation {unknown}
 g - a potion of berserk rage {unknown}
 h - a potion of curing {unknown}
 i - a potion of lignification {unknown}
 l - 2 potions of attraction {unknown}
 p - a potion of resistance {unknown}


   Skills:
 + Level 3.8 Fighting
 + Level 2.9 Long Blades
 + Level 0.1 Throwing
 + Level 2.1 Armour
 + Level 1.5 Dodging
 + Level 0.1 Stealth
 + Level 0.1 Spellcasting
 + Level 0.2 Conjurations
 + Level 2.4 Invocations


You couldn't memorise any spells.
You knew the following spells:

 Your Spells              Type           Power      Damage    Failure   Level
a - Magic Dart            Conj           0%         1d3       30%         1
b - Searing Ray           Conj           0%         3d3       43%         2

Your spell library contained the following spells:

 Spells                   Type           Power      Damage    Failure   Level
 Fulminant Prism          Conj/Hex       0%         3d6       97%         4


Dungeon Overview and Level Annotations

Branches:
Dungeon (3/15)

Altars:


Innate Abilities, Weirdness & Mutations

You have large cloven feet.
You have an unusually large brain. (Int +2)


Message History

You kill the goblin!
Lugonu accepts your kill.
You closely miss the goblin.
The goblin hits you with a +2 dagger of venom.
You are poisoned.
You hit the goblin.
The goblin is heavily wounded.
You feel very sick. The goblin closely misses you.
You riposte.
You barely miss the goblin. The goblin hits you with a +0 club.
You closely miss the goblin.
The goblin is heavily wounded.
You feel very sick.
The goblin hits you with a +2 dagger of venom.
You are more poisoned.
The goblin hits you with a +0 club. The goblin hits you with a +0 dagger.
You hit the goblin.
You kill the goblin!
Lugonu accepts your kill.
You feel very sick. The goblin closely misses you.
The goblin hits you but does no damage.
You are too injured to fight recklessly!
You are too injured to fight recklessly!
You are too injured to fight recklessly!
You are too injured to fight recklessly!
You are too injured to fight recklessly!
You feel very sick. The goblin hits you but does no damage.
You are lethally poisoned!
* * * LOW HITPOINT WARNING * * *
You feel very sick.
There is an open door here.
* * * LOW HITPOINT WARNING * * *
You feel very sick.
* * * LOW HITPOINT WARNING * * *
You feel very sick. The goblin hits you but does no damage.
It was a potion of might.
You feel very mighty all of a sudden.
You die...

####### ......# #####.#
#####.##### ..........#
.#.##.##### .#.##.##..
##### ...##.#....
####)..#
.#.##.#.....#.g#@#.#
...##.#.....).gg.#.#
....#.#.$.!.#))###.####.#
......#.... ####........#
....####..
###.##############
...#######
#....).........#
.#..).....
##############.#
.#######.. #># .# ###
#####.#


You could see 2 goblins.

Vanquished Creatures
  An adder (D:2)
  2 worms
  2 dart slugs
  An orc (D:3)
  4 endoplasms
  5 giant cockroaches
  8 hobgoblins
  4 jackals (D:1)
  7 quokkas
  5 ball pythons
  4 bats
  3 frilled lizards
  11 goblins
  2 kobolds (D:1)
  6 rats
65 creatures vanquished.

Vanquished Creatures (others)
  2 starspawn tentacles (Abyss:2)
2 creatures vanquished.

Grand Total: 67 creatures vanquished

Notes
Turn   | Place    | Note
-------+----------+-------------------------------------------
     0 | Abyss:1  | thirtiethelement the Demonspawn Abyssal Knight began the
                  | quest for the Orb.
     0 | Abyss:1  | Reached XP level 1. HP: 18/18 MP: 2/2
    46 | Abyss:1  | Noticed a wraith
    52 | Abyss:1  | Noticed a large abomination
    76 | Abyss:2  | Noticed a large abomination
   106 | Abyss:2  | Noticed a tentacled starspawn
   112 | D:1      | Escaped the Abyss
   273 | D:1      | Gained mutation: You have large cloven feet. [demonic
                  | ancestry]
   273 | D:1      | Reached XP level 2. HP: 23/24 MP: 3/3
   438 | D:1      | Reached ** piety under Lugonu
   521 | D:1      | Reached skill level 1 in Dodging
   619 | D:1      | Reached XP level 3. HP: 29/30 MP: 4/4
  1231 | D:2      | Found a faded altar of an unknown god.
  1950 | D:2      | Gained mutation: You have an unusually large brain. (Int
                  | +2) [demonic ancestry]
  1950 | D:2      | Reached XP level 4. HP: 35/37 MP: 5/5
  2262 | D:3      | Learned a level 1 spell: Magic Dart
  2265 | D:3      | Learned a level 2 spell: Searing Ray
  2849 | D:3      | Reached *** piety under Lugonu
  2883 | D:3      | Succumbed to a goblin's poison

Illustrated notes

Levels and vault maps discovered:
D:1:      wander_arrival_chamber, layout_basic, serial_bayou_pond_b,
          minmay_pentomino_r2
D:2:      layout_basic, hellmonk_ecumenical_altar_pennies_from_heaven,
          kennysheep_generic_room_12
D:3:      layout_loops_ring, minmay_goblin_kobold_house

Skill      XL: |  1  2  3 |
---------------+----------+-----
Long Blades    | 2 |  2.9
Dodging        | 1 |  1.5
Armour         | 2 |  2.1
Fighting       | |  3.8
Throwing       | |  0.1
Stealth        | |  0.1
Spellcasting   | |  0.1
Conjurations   | |  0.2
Invocations    | |  2.4

Action                   |  1- 3 |  4- 6 || total
-------------------------+-------+-------++-------
Melee: Falchion          |   111 |    34 ||   145
       Kick              |    18 |     8 ||    26
Throw: Boomerang         |    11 |       ||    11
 Cast: Magic Dart        |       |    11 ||    11
       Searing Ray       |       |     2 ||     2
  Use: Potion            |       |     1 ||     1
Armor: Leather armour    |    42 |    10 ||    52
Dodge: Dodged            |    77 |    13 ||    90
       Rpst.: Falchion   |    28 |     5 ||    33
